 Dungeon Crawl Stone Soup version 0.32-a0-473-gd044c6f0f0 (webtiles) character file.

Game seed: 16789540295353140928

294 BubbleThief the Ruffian (level 6, -7/42 HPs)
             Began as an Octopode Shapeshifter on Feb 25, 2024.
             Killed from afar by an orc wizard (9 damage)
             ... with a magic dart
             ... on level 4 of the Dungeon.
             The game lasted 00:04:03 (2806 turns).

BubbleThief the Ruffian (Octopode Shapeshifter)     Turns: 2806, Time: 00:04:03

Health: -7/42      AC:  1    Str: 15    XL:     6   Next: 33%
Magic:  6/6        EV: 13    Int: 12    God:
Gold:   92         SH:  0    Dex: 12    Spells: 5/5 levels left

rFire   . .          .
                       - Unarmed
rCold   . . .        (no shield)
rNeg    . . .        (helmet currently unavailable)
rPois   .            j - amulet of magic regeneration
rElec   .            (no ring)
rCorr   .            (no ring)
SInv    .            (no ring)
Will    .....        (no ring)
Stlth   ++           (no ring)
HPRegen 0.27/turn    (no ring)
MPRegen 0.50/turn    (no ring)
                     (no ring)

%: no passive effects
@: confused, beast-form
A: beast (slay +2), almost no armour, amphibious, 8 rings, camouflage 1,
gelatinous body 1, (nimble swimmer 1), tentacles
a: Begin Untransformation


You were on level 4 of the Dungeon.
You were a hulking beast.
You visited 1 branch of the dungeon, and saw 4 of its levels.
You also visited: Sewer.

You collected 92 gold pieces.

Inventory:

Jewellery
 j - an amulet of magic regeneration (around mantle)
Talismans
 b - a beast talisman (active)
 c - a flux talisman
Wands
 k - a wand of iceblast (13)
Scrolls
 e - 3 scrolls of vulnerability
 h - 2 scrolls of identify
 i - a scroll of amnesia {unknown}
 q - a scroll of teleportation {unknown}
 r - a scroll of revelation {unknown}
 s - a scroll of fog {unknown}
Potions
 a - a potion of lignification
 d - 2 potions of invisibility {unknown}
 f - a potion of curing
 g - a potion of ambrosia
 l - a potion of attraction {unknown}
 m - 2 potions of mutation {unknown}
 n - a potion of haste {unknown}
 o - 2 potions of heal wounds {unknown}
 p - a potion of cancellation {unknown}


   Skills:
 + Level 3.6 Fighting
 - Level 2.0 Dodging
 + Level 4.6 Unarmed Combat
 + Level 4.3 Shapeshifting


You had 5 spell levels left.
You didn't know any spells.
Your spell library contained the following spells:

 Spells                   Type           Power      Damage    Failure   Level
 Dazzling Flash           Conj/Hex       0%         N/A       69%         3
 Mephitic Cloud           Conj/Alch/Air  0%         N/A       69%         3
 Anguish                  Hex/Necr       0%         N/A       97%         4
 Cause Fear               Hex            0%         N/A       97%         4
 Curse of Agony           Necr           0%         N/A       100%        5
 Silence                  Hex/Air        0%         N/A       100%        5
 Enfeeble                 Hex            0%         N/A       100%        7


Dungeon Overview and Level Annotations

Branches:
Dungeon (4/15)              Sewer (visited)
 Temple: D:4-7

Altars:
Elyvilon


Innate Abilities, Weirdness & Mutations

You are a hulking beast.
Your limbs bulge with bestial killing power. (Slay +2)
You cannot wear most types of armour.
You are amphibious.
You can wear up to eight rings at the same time.
Your skin changes colour to match your surroundings (Stealth+).
Your rubbery body absorbs attacks. (AC +1, EV +1)
((You are camouflaged when in or above water. (Stealth+)))
You have tentacles for arms and can constrict up to eight enemies at once.


Message History

The orc misses you.
In your confused state, you trip and fall back down the stairs.
* * * LOW HITPOINT WARNING * * *
The orc priest shouts, "The Pantheon deserves no one's loyalty.
Let us show you the true path!" The orc priest closely misses you.
Something hits you.
* * * LOW HITPOINT WARNING * * *
The orc misses you.
Unknown command.
Unknown command.
Unknown command.
You feel better. Something hits you. The orc priest closely misses you.
The orc barely misses you.
Unknown command.
Unknown command.
You barely miss the orc priest. You grab the orc priest.
You squeeze the orc priest.
The orc priest is lightly wounded.
You constrict the orc priest. Something hits you.
* * * LOW HITPOINT WARNING * * *
The orc priest threatens, "Beogh's wrath is as vast as their mercy.
Make your choice!" The orc priest barely misses you.
The orc hits you with a +0 club.
* * * LOW HITPOINT WARNING * * *
You tentacle-slap the orc priest. You squeeze the orc priest!
You kill the orc priest!
You hear some strange, mumbled words.
You are confused.
The orc misses you.
Unknown command.
You're too confused to move!
Something hits you.
* * * LOW HITPOINT WARNING * * *
The orc hits you with a +0 club.
* * * LOW HITPOINT WARNING * * *
You're too confused to move!
Something hits you.
* * * LOW HITPOINT WARNING * * *
The orc barely misses you.
You're too confused to move!
You hear some strange, mumbled words.
A magic dart appears from out of thin air!
The magic dart hits you!
You die...

....................#
..........#....).<.##
.............###...###..#
#............#......#..##
#....[.................#
.....[ #...##.......##
......# ##.# ####..####
#....##..###....#### ##
#........h.......#
.#.##.)....)o{.......#
...........))#.#....##
.##...#.....##....#.#
##.....#..#.....###
#........#....##
###...........##
...##?..........#
................##


You could see an orc.

Vanquished Creatures
  An orc priest (D:4)
  A bombardier beetle (D:3)
  2 jellies (Sewer)
  6 adders
  A gnoll (D:1)
  A river rat (Sewer)
  4 dart slugs
  3 ribbon worms
  4 orcs
  4 ball pythons
  10 endoplasms
  5 giant cockroaches
  7 hobgoblins (D:1)
  5 jackals (D:2)
  7 quokkas
  6 bats
  3 frilled lizards (Sewer)
  3 goblins
  7 kobolds
  6 rats
86 creatures vanquished.

Notes
Turn   | Place    | Note
-------+----------+-------------------------------------------
     0 | D:1      | BubbleThief the Octopode Shapeshifter began the quest for
                  | the Orb.
     0 | D:1      | Reached XP level 1. HP: 13/13 MP: 1/1
     2 | D:1      | Noticed an octopode
     2 | D:1      | Noticed a troll
     4 | D:1      | Noticed a felid
     4 | D:1      | Noticed a merfolk
     6 | D:1      | Noticed a demonspawn
     8 | D:1      | Noticed a formicid
    11 | D:1      | Noticed a demigod
    13 | D:1      | Noticed a dwarf
    13 | D:1      | Noticed a human
    15 | D:1      | Noticed a ghoul
    15 | D:1      | Noticed a djinni
    17 | D:1      | Noticed a barachi
    17 | D:1      | Noticed a draconian
    19 | D:1      | Noticed a spriggan
    19 | D:1      | Noticed a naga
    21 | D:1      | Noticed an elf
    21 | D:1      | Noticed a vine stalker
    23 | D:1      | Noticed an oni
    23 | D:1      | Noticed a minotaur
    25 | D:1      | Noticed a gargoyle
    25 | D:1      | Noticed a vampire
    27 | D:1      | Noticed an armataur
    27 | D:1      | Noticed a tengu
   223 | D:1      | Reached XP level 2. HP: 18/18 MP: 2/2
   261 | D:1      | Found a faded altar of an unknown god.
   512 | D:1      | Reached XP level 3. HP: 22/24 MP: 3/3
   887 | D:2      | Reached XP level 4. HP: 23/29 MP: 4/4
  1714 | D:3      | Reached XP level 5. HP: 36/36 MP: 5/5
  1872 | D:3      | Found a white marble altar of Elyvilon.
  2043 | D:3      | Found a glowing drain.
  2047 | Sewer    | Entered a sewer
  2173 | Sewer    | Found a viscous altar of Jiyva.
  2403 | Sewer    | Reached XP level 6. HP: 42/42 MP: 6/6
  2803 | D:4      | HP: 2/42 [orc/+0 club (3)]
  2806 | D:4      | Killed from afar by an orc wizard

Illustrated notes

Levels and vault maps discovered:
D:1:      kb_arrival_jail, layout_basic, shapermc_ecumenical_altar_acropolis
D:2:      layout_loops_cross
D:3:      layout_basic, nicolae_elyvilon_peaceful_grove, gup_sewer_entry_spiral,
          serial_bayou_crossing
D:4:      layout_cave_pools, nicolae_sif_muna_little_library,
          mainiacjoe_overflow_boulevard, serial_shops,
          nicolae_shop_behind_doors, st_stairs_8, uniq_sigmund

Skill      XL: |  1  2  3  4  5 |
---------------+----------------+-----
Fighting       | 2 3 |  3.6
Unarmed Combat | 4 |  4.6
Shapeshifting  | 4 |  4.3
Dodging        | |  2.0

Action                     |  1- 3 |  4- 6 || total
---------------------------+-------+-------++-------
  Melee: Unarmed           |    65 |   103 ||   168
         Constrict         |    15 |    20 ||    35
         Tentacles         |     6 |    21 ||    27
         Punch             |       |     3 ||     3
    Use: Scroll            |       |     5 ||     5
         Potion            |       |     1 ||     1
   Stab: Sleeping          |     4 |    10 ||    14
 Armour: Skin              |    28 |    45 ||    73
  Dodge: Dodged            |    35 |    53 ||    88

Table legend: (Time is in decaauts)
 A = Elapsed time spent in this place.
 B = Non-inter-level travel time spent in this place.
 C = Inter-level travel time spent in this place.
 D = Time resting spent in this place.
 E = Time spent auto-exploring this place.
 F = Levels seen in this place.
 G = Mean time per level.
                   A        B        C        D        E       F      G
               +--------+--------+--------+--------+--------+-----+--------+
         Total |   2792 |   2707 |     85 |      0 |   2117 |   5 |  558.4 |
       Dungeon |   2392 |   2307 |     85 |      0 |   1838 |   4 |  598.0 |
         Sewer |    400 |    400 |      0 |      0 |    279 |   1 |  400.0 |
               +--------+--------+--------+--------+--------+-----+--------+

Top non-repeatable levels by time:
     D:1: 852 daAuts
     D:2: 835 daAuts
     D:3: 593 daAuts
   Sewer: 400 daAuts
     D:4: 111 daAuts
